 Dungeon Crawl Stone Soup version 0.27-a0-1191-g601b473118 (webtiles) character file.

Game seed: 12979456331785419300

1883 jasper the Thaumaturge (level 8, 0/41 HPs)
             Began as a Deep Elf Summoner on May 23, 2021.
             Was an Initiate of Cheibriados.
             Slain by a wyvern skeleton (12 damage)
             ... on level 6 of the Dungeon.
             The game lasted 00:15:34 (7983 turns).

jasper the Thaumaturge (Deep Elf Summoner)          Turns: 7983, Time: 00:15:35

Health: 0/41       AC:  5    Str:  6    XL:     8   Next: 92%
Magic:  25/25      EV: 12    Int: 24    God:    Cheibriados [......]
Gold:   239        SH:  0    Dex: 16    Spells: 16/29 levels left

rFire    . . .     SeeInvis .   j - +2 halberd (venom)
rCold    . . .     Faith    .   (shield currently unavailable)
rNeg     . . .     Spirit   .   a - +0 robe
rPois    .         Reflect  .   b - +0 hat
rElec    .         Harm     .   (no cloak)
rCorr    .         Rampage  .   d - +0 pair of gloves
Will     +....                  f - +1 pair of boots
Stlth    ++........             (no amulet)
HPRegen  0.13/turn              h - ring of willpower
MPRegen  0.19/turn              (no ring)

@: studying Dodging, slow
A: no striking features
a: Renounce Religion, Bend Time


You were on level 6 of the Dungeon.
You worshipped Cheibriados.
Cheibriados was noncommittal.
You visited 2 branches of the dungeon, and saw 7 of its levels.

You collected 239 gold pieces.

Inventory:

Hand Weapons
 e - a +0 short sword
 j - a +2 halberd of venom (weapon)
Missiles
 m - a throwing net
Armour
 a - a +0 robe (worn)
 b - a +0 hat (worn)
 d - a +0 pair of gloves (worn)
 f - a +1 pair of boots (worn)
Jewellery
 h - a ring of willpower (left hand)
Wands
 i - a wand of iceblast (12)
Scrolls
 o - 2 scrolls of fear
 t - a scroll of brand weapon {unknown}
Potions
 c - 2 potions of lignification
 g - a potion of curing
 k - a potion of might
 l - 2 potions of haste
 n - a potion of flight
 p - 2 potions of mutation
 q - a potion of cancellation {unknown}
 r - 3 potions of attraction {unknown}
 s - 2 potions of brilliance {unknown}


   Skills:
 - Level 2.4 Dodging
 - Level 2.4 Stealth
 + Level 11.0 Spellcasting
 + Level 10.0 Summonings


You had 16 spell levels left.
You knew the following spells:

 Your Spells              Type           Power      Damage    Failure   Level
b - Call Imp              Summ           57%        N/A       1%          2
c - Summon Guardian Gole  Hex/Summ       37%        N/A       1%          3
d - Summon Ice Beast      Ice/Summ       37%        N/A       6%          4
e - Summon Lightning Spi  Summ/Air       37%        N/A       6%          4

Your spell library contained the following spells:

 Spells                   Type           Power      Damage    Failure   Level
 Summon Small Mammal      Summ           100%       N/A       1%          1
 Call Canine Familiar     Summ           57%        N/A       1%          3
 Animate Skeleton         Necr           26%        N/A       4%          1
 Apportation              Tloc           26%        N/A       4%          1
 Corona                   Hex            14%        N/A       4%          1
 Poisonous Vapours        Pois/Air       26%        N/A       7%          2
 Conjure Flame            Conj/Fire      13%        6-21      14%         3
 Mephitic Cloud           Conj/Pois/Air  13%        N/A       14%         3
 Freezing Cloud           Conj/Ice/Air   6%         6-21      100%        6


Dungeon Overview and Level Annotations

Branches:
Dungeon (6/15)             Temple (1/1) D:6

Altars:
Ashenzari
Cheibriados
Dithmenos
Elyvilon
Kikubaaqudgha
Makhleb
Qazlal
Sif Muna
Trog
Uskayaw
Vehumet
Wu Jian
Xom
Zin
The Shining One

Annotations:
D:3 Sigmund
D:5 2 transporters, leviel's ghost, amateur MiFi


Message History

You climb downwards.
Welcome to the Ecumenical Temple!
Found a white marble altar of Elyvilon.
There is a staircase back to the Dungeon here.
Found a bloodstained altar of Trog and an ancient bone altar of Kikubaaqudgha.
Found a shimmering blue altar of Sif Muna.
Found a stormy altar of Qazlal and a glowing silver altar of Zin.
Found a snail-covered altar of Cheibriados.
Found a radiant altar of Vehumet.
Found a burning altar of Makhleb.
Found a broken altar of Ashenzari.
Search for what [Enter for "staff", or ? for help]? chei
There is a staircase back to the Dungeon here.
There is a shimmering blue altar of Sif Muna here.
There is a snail-covered altar of Cheibriados here.
There are no items here.
You kneel at the altar of Cheibriados.
Cheibriados welcomes you!
Cheibriados begins to support your attributes as your movement slows.
You can now bend time to slow others.
There is a shimmering blue altar of Sif Muna here.
There is a staircase back to the Dungeon here.
You climb upwards.
Welcome back to the Dungeon!
There is a staircase to the Ecumenical Temple here.
A wyvern skeleton comes into view.
A wyvern skeleton is nearby!
The wyvern skeleton bites you!
You take 11 damage, and have 30/41 hp.
MASSIVE DAMAGE!!
You hit the wyvern skeleton but do no damage.
The wyvern skeleton barely misses you. The wyvern skeleton bites you!
You take 10 damage, and have 20/41 hp.
MASSIVE DAMAGE!!
You slash the wyvern skeleton!
The wyvern skeleton is moderately damaged.
The wyvern skeleton bites you!
* * * LOW HITPOINT WARNING * * *
The wyvern skeleton barely misses you.
You take 8 damage, and have 12/41 hp.
You slash the wyvern skeleton!
The wyvern skeleton is heavily damaged.
The wyvern skeleton bites you!
You die...

#8...8#
###.###
#...#
#.8.#
#...#
##.##
#.# #.#
#@# #Z#
#.# #.#
#.# #.#
#.# #.#


You could see a wyvern skeleton.

Vanquished Creatures
  Grinder (D:5)
  A centaur zombie (D:5)
  2 jellies
  A hound (D:6)
  An orc priest (D:3)
  An orc wizard (D:5)
  A howler monkey zombie (D:5)
  A gnoll (D:5)
  An adder (D:5)
  2 goblins (D:3)
  A hobgoblin (D:2)
  A quokka (D:5)
14 creatures vanquished.

Vanquished Creatures (collateral kills)
  2 ice beasts
  3 ogres (D:5)
  A lemure (D:4)
  A phantom (D:5)
  A bullfrog (D:6)
  A scorpion (D:6)
  Dowan (D:5)
  2 howler monkeys
  A centaur zombie (D:6)
  2 orc priests
  3 hounds
  A jelly (D:6)
  Jessica (D:3)
  Ijyb (D:5)
  2 hound skeletons
  Robin (D:3)
  6 gnolls
  15 adders
  An ufetubus (D:3)
  3 dart slugs (D:2)
  13 orcs
  5 ball pythons
  8 endoplasms
  5 giant cockroaches
  9 goblins
  8 hobgoblins
  5 kobolds
  4 quokkas
  3 bats
  A frilled lizard (D:2)
  4 rats
114 creatures vanquished.

Vanquished Creatures (others)
  Pikel (D:4)
  A wyvern (D:4)
  A water moccasin (D:5)
  Duvessa (D:5)
  An orc warrior (D:5)
  Blork the orc (D:4)
  A gnoll shaman (D:5)
  A goblin (D:3)
  A hobgoblin (D:3)
  6 plants (D:5)
15 creatures vanquished.

Grand Total: 143 creatures vanquished

Notes
Turn   | Place    | Note
-------+----------+-------------------------------------------
     0 | D:1      | jasper the Deep Elf Summoner began the quest for the Orb.
     0 | D:1      | Reached XP level 1. HP: 10/10 MP: 6/6
   806 | D:1      | You fall into a shaft and drop 1 floor!
  1001 | D:2      | Reached XP level 2. HP: 15/15 MP: 0/8
  1004 | D:2      | Learned a level 2 spell: Call Imp
  1670 | D:2      | Reached skill level 4 in Spellcasting
  1900 | D:2      | Reached skill level 5 in Summonings
  1900 | D:2      | Reached XP level 3. HP: 19/19 MP: 0/10
  1904 | D:2      | Learned a level 3 spell: Summon Guardian Golem
  2732 | D:3      | Reached XP level 4. HP: 10/24 MP: 0/12
  2754 | D:3      | Learned a level 4 spell: Summon Ice Beast
  3039 | D:3      | Noticed Robin
  3079 | D:3      | Noticed Jessica
  3080 | D:3      | Killed Robin
  3081 | D:3      | Reached skill level 5 in Spellcasting
  3083 | D:3      | Killed Jessica
  3449 | D:3      | Found a faded altar of an unknown god.
  3984 | D:3      | Reached XP level 5. HP: 28/28 MP: 3/14
  3989 | D:3      | Learned a level 4 spell: Summon Lightning Spire
  4227 | D:3      | Noticed Sigmund
  4258 | D:4      | Noticed Blork the orc
  4345 | D:4      | Noticed a wyvern
  4373 | D:4      | Killed a wyvern
  4374 | D:4      | Reached skill level 6 in Spellcasting
  4374 | D:4      | Reached XP level 6. HP: 32/32 MP: 4/17
  4546 | D:4      | Found a hide-covered altar of Uskayaw.
  4573 | D:4      | Killed Blork the orc
  4656 | D:4      | Noticed Pikel
  4670 | D:4      | Killed Pikel
  4671 | D:4      | Reached skill level 8 in Spellcasting
  4671 | D:4      | Reached XP level 7. HP: 31/36 MP: 3/20
  4845 | D:4      | Found an ornate altar of the Wu Jian Council.
  5036 | D:4      | Found a glowing golden altar of the Shining One.
  5361 | D:5      | Entered Level 5 of the Dungeon
  5493 | D:5      | Reached skill level 9 in Spellcasting
  5510 | D:5      | Reached XP level 8. HP: 28/41 MP: 5/23
  6059 | D:5      | Noticed Dowan
  6077 | D:5      | Killed Dowan
  6080 | D:5      | Noticed Duvessa
  6091 | D:5      | HP: 2/41 [poisoned by Duvessa]
  6092 | D:5      | Killed Duvessa
  6384 | D:5      | Reached skill level 10 in Spellcasting
  6576 | D:5      | Found a transporter.
  6577 | D:5      | Found a transporter.
  6593 | D:5      | Identified the +7 spear of Arbitration {venom, Will++
                  | Dex+2}
  6604 | D:5      | Noticed leviel's ghost (amateur MiFi)
  6620 | D:5      | Identified the ring "Moruifed" {rC+ Will+}
  6782 | D:5      | Found a white marble altar of Elyvilon.
  6784 | D:5      | Found a white marble altar of Elyvilon.
  6784 | D:5      | Found a shadowy altar of Dithmenos.
  6784 | D:5      | Noticed Ijyb
  6786 | D:5      | Found a broken altar of Ashenzari.
  6786 | D:5      | Found a broken altar of Ashenzari.
  6786 | D:5      | Found a shimmering altar of Xom.
  6794 | D:5      | Killed Ijyb
  6963 | D:5      | Noticed Grinder
  6971 | D:5      | Killed Grinder
  7841 | D:6      | Reached skill level 11 in Spellcasting
  7841 | D:6      | Reached skill level 10 in Summonings
  7859 | D:6      | Found a staircase to the Ecumenical Temple.
  7877 | Temple   | Entered the Ecumenical Temple
  7949 | Temple   | Became a worshipper of Cheibriados the Contemplative
  7983 | D:6      | Slain by a wyvern skeleton

Illustrated notes

Levels and vault maps discovered:
D:1:      sevenhm_arrival_forest_fort_small_4, layout_basic, serial_shops,
          nicolae_shop_window_shopping, minmay_hedge_maze,
          chequers_serial_rivers_small_b
D:2:      minmay_razor_zed, layout_basic, palyth_stone_intersect
D:3:      layout_rooms, ebering_ecumenical_altar_abandoned, minivault_5,
          uniq_jessica, uniq_sigmund, uniq_robin
D:4:      layout_basic, kennysheep_mini_moat,
          nicolae_uskayaw_murder_on_the_dancefloor, kennysheep_mini, uniq_pikel,
          uniq_blork_the_orc
D:5:      minmay_recursive_quarters, layout_basic, doesnt_xom_only_xom,
          gammafunk_ghost_gnarly_gnolls, guppyfry_early_orc_mine, uniq_ijyb,
          uniq_grinder, uniq_duvessa
D:6:      lemuel_castle_with_subvaults [lemuel_castle_interior_carwin_1],
          layout_basic, minmay_temple_entry_antechambers, minmay_manual_mail
Temple:   dshaligram_water_room_temple

Skill      XL: |  1  2  3  4  5  6  7  8 |
---------------+-------------------------+-----
Spellcasting   | 4 5 6 8 9 11 | 11.0
Summonings     | 5 6 8 10 | 10.0
Dodging        | |  2.4
Stealth        | |  2.4

Action                   |  1- 3 |  4- 6 |  7- 9 || total
-------------------------+-------+-------+-------++-------
Melee: Unarmed           |    11 |       |       ||    11
       Short sword       |     5 |    17 |       ||    22
       Halberd           |       |       |    57 ||    57
 Cast: Summon Small Mamm |    53 |       |       ||    53
       Call Imp          |    59 |    76 |    35 ||   170
       Summon Guardian G |       |     6 |     6 ||    12
       Summon Lightning  |       |       |    14 ||    14
       Summon Ice Beast  |       |       |     7 ||     7
  Use: Scroll            |     4 |       |     9 ||    13
       Potion            |       |       |     4 ||     4
 Stab: Distracted        |       |       |     1 ||     1
Armor: Robe              |     9 |    21 |    20 ||    50
Dodge: Dodged            |    29 |    31 |    33 ||    93

Table legend: (Time is in decaauts)
 A = Elapsed time spent in this place.
 B = Non-inter-level travel time spent in this place.
 C = Inter-level travel time spent in this place.
 D = Time resting spent in this place.
 E = Time spent auto-exploring this place.
 F = Levels seen in this place.
 G = Mean time per level.
                   A        B        C        D        E       F      G
               +--------+--------+--------+--------+--------+-----+--------+
         Total |   8030 |   7875 |    155 |   1439 |   4956 |   7 | 1147.1 |
       Dungeon |   7932 |   7825 |    107 |   1439 |   4909 |   6 | 1322.0 |
        Temple |     98 |     50 |     48 |      0 |     47 |   1 |   98.0 |
               +--------+--------+--------+--------+--------+-----+--------+

Top non-repeatable levels by time:
     D:2: 2219 daAuts
     D:5: 1897 daAuts
     D:3: 1299 daAuts
     D:4: 1039 daAuts
     D:1: 810 daAuts
     D:6: 665 daAuts
  Temple: 98 daAuts
